 Dungeon Crawl Stone Soup version 0.21-a0-633-g4c047d5 (webtiles) character file.

1077 Alarkh the Covert (level 8, 57/57 HPs)
             Began as a Vampire Berserker on Dec 28, 2017.
             Was a Priest of Trog.
             Safely got out of the dungeon.
             The game lasted 00:08:30 (6949 turns).

Alarkh the Covert (Vampire Berserker)               Turns: 6949, Time: 00:08:32

Health: 57/57      AC:  8    Str: 16    XL:     8   Next: 8%
Magic:  8/8        EV: 10    Int: 11    God:    Trog [***...]
Gold:   266        SH:  3    Dex: 14    Spells: 7/7 levels left

rFire    . . .     SeeInvis +   a - +0 long sword
rCold    + . .     Gourm    .   k - +0 buckler
rNeg     + + .     Faith    .   j - +0 ring mail
rPois    +         Spirit   +   (no helmet)
rElec    .         Reflect  .   (no cloak)
rCorr    +         Harm     .   l - +1 pair of gloves
MR       .....                  x - +0 pair of boots
Stlth    ++++......             z - amulet of guardian spirit
HPRegen  0.09/turn              i - ring of resist corrosion
MPRegen  0.11/turn              (no ring)

@: regenerating slowly
A: fangs 3, see invisible, unbreathing
a: Bat Form, Berserk, Trog's Hand, Burn Spellbooks, Renounce Religion


You escaped.
You worshipped Trog.
Trog was most pleased with you.
You were near bloodless.

You visited 1 branch of the dungeon, and saw 5 of its levels.

You collected 320 gold pieces.
You spent 54 gold pieces at shops.

Inventory:

Hand Weapons
 a - a +0 long sword (weapon)
 t - a +0 falchion
Armour
 b - a +0 animal skin
 j - a +0 ring mail (worn)
 k - a +0 buckler (worn)
 l - a +1 pair of gloves (worn)
 x - a +0 pair of boots (worn)
Jewellery
 i - a ring of resist corrosion (left hand)
 z - an amulet of guardian spirit (around neck)
Wands
 y - a wand of digging (15)
Scrolls
 d - 2 scrolls of enchant armour
 e - 2 scrolls of identify
 f - 2 scrolls of magic mapping
 g - a scroll of remove curse
 h - a scroll of immolation {unknown}
 o - a scroll of fog {unknown}
 r - 3 scrolls of amnesia {unknown}
 v - a scroll of teleportation {unknown}
Potions
 c - 3 potions of blood
 m - a potion of curing
 n - 3 potions of agility {unknown}
 p - 3 potions of resistance
 q - a potion of lignification
 s - 2 potions of flight
 u - a potion of haste {unknown}
 w - 2 potions of degeneration {unknown}
 B - a potion of heal wounds {unknown}
Books
 A - a book of Flames

   Spells                             Type                      Level
   a - Flame Tongue                   Conjuration/Fire             1
   b - Throw Flame                    Conjuration/Fire             2
   c - Conjure Flame                  Conjuration/Fire             3
   d - Inner Flame                    Hexes/Fire                   3
   e - Sticky Flame                   Conjuration/Fire             4
   f - Fireball                       Conjuration/Fire             5
   Trog disapproves of the use of such an item.


   Skills:
 - Level 2.6 Fighting
 * Level 8.3 Long Blades
 - Level 1.5 Armour
 - Level 2.1 Dodging
 + Level 8.4 Stealth


You had 7 spell levels left.
You didn't know any spells.

Dungeon Overview and Level Annotations

Branches:
Dungeon (5/15)
 Temple: D:4-7

Altars:
Cheibriados
Dithmenos
Elyvilon
Okawaru
Vehumet
Xom

Shops:
D:4 [

Annotations:
D:3 2 transporters, exclusion: downstairs


Innate Abilities, Weirdness & Mutations

You heal slowly.
You have razor-sharp teeth.
You have supernaturally acute eyesight. (SInv)
You can survive without breathing.


Message History

You climb upwards.
There is a stone staircase leading down here.
There is a stone staircase leading up here.
You climb upwards.
Level annotation: 2 transporters, exclusion: downstairs
There is a stone staircase leading down here.
There is a stone staircase leading up here.
You climb upwards.
There is a stone staircase leading down here.
There is a stone staircase leading up here.
You climb upwards.
There is a stone staircase leading down here.
You found a teleport trap!
You can't go up here!
(D) Dungeon
Where to? (Enter - D:1 @ (x,y), ? - help)
You see here 23 sling bullets.
There is a staircase leading out of the dungeon here.
Are you sure you want to leave the Dungeon?
This will make you lose the game!
You have escaped!

#### #@.###
##...####
##.(...#####
##........######
##.............
###...........
####........
####..... #####.


There were no monsters in sight!

Vanquished Creatures
  The ghost of Daviar the Poker, a novice OpBe of Trog (D:5)
  2 centaurs (D:5)
  Blork the orc (D:5)
  A crimson imp (D:5)
  A hound (D:3)
  2 jellies
  An orc priest (D:4)
  2 orc wizards
  2 worker ants
  A hound skeleton (D:5)
  3 gnolls (D:3)
  7 adders
  A shadow imp (D:5)
  An adder skeleton (D:5)
  3 worms
  2 leopard geckos
  9 orcs
  A ball python (D:2)
  6 bats
  5 giant cockroaches
  11 goblins
  5 hobgoblins
  2 jackals (D:4)
  9 kobolds
  6 quokkas
  6 frilled lizards
  A jackal skeleton (D:4)
  2 rats (D:3)
94 creatures vanquished.

Vanquished Creatures (others)
  A quokka skeleton (D:4)
1 creature vanquished.

Grand Total: 95 creatures vanquished

Notes
Turn   | Place    | Note
-------+----------+-------------------------------------------
     0 | D:1      | Alarkh the Vampire Berserker began the quest for the Orb.
     0 | D:1      | Reached XP level 1. HP: 17/17 MP: 1/1
   239 | D:1      | Reached skill level 1 in Stealth
   493 | D:1      | Reached XP level 2. HP: 22/23 MP: 2/2
  1624 | D:2      | Reached XP level 3. HP: 18/28 MP: 3/3
  2504 | D:3      | Reached XP level 4. HP: 31/34 MP: 4/4
  2628 | D:3      | Found a transporter.
  2638 | D:3      | Reached ** piety under Trog
  2671 | D:3      | Found a transporter.
  2708 | D:3      | Reached skill level 5 in Long Blades
  2708 | D:3      | Reached XP level 5. HP: 29/39 MP: 5/5
  3208 | D:3      | Found a shadowy altar of Dithmenos.
  3213 | D:3      | Reached skill level 5 in Stealth
  3986 | D:4      | Reached XP level 6. HP: 41/46 MP: 6/6
  4053 | D:4      | Found a radiant altar of Vehumet.
  4328 | D:4      | Found a white marble altar of Elyvilon.
  4544 | D:4      | HP: 3/69 [orc/flail (3)]
  4551 | D:4      | Reached *** piety under Trog
  4861 | D:4      | Found Farul's Armour Boutique.
  4864 | D:4      | Bought a +0 pair of boots for 54 gold pieces
  5028 | D:5      | Entered Level 5 of the Dungeon
  5051 | D:5      | Noticed Blork the orc
  5069 | D:5      | Killed Blork the orc
  5858 | D:5      | Reached XP level 7. HP: 36/51 MP: 5/7
  6253 | D:5      | Found a shadowy altar of Dithmenos.
  6254 | D:5      | Found an iron altar of Okawaru.
  6297 | D:5      | Found a shimmering altar of Xom.
  6298 | D:5      | Found a snail-covered altar of Cheibriados.
  6359 | D:5      | Noticed Daviar's ghost (novice OpBe)
  6378 | D:5      | Killed Daviar's ghost
  6426 | D:5      | Reached XP level 8. HP: 46/57 MP: 5/8
  6949 | D:$      | Safely got out of the dungeon.

Vault maps used:
D:1:      eino_arrival_cavern_c, minivault_25
D:2:      first_ration, kennysheep_crisscross
D:3:      gammafunk_wand_slinger, grunt_dithmenos_smoke_and_mirrors
D:4:      fiery_altar_vehumet, serial_shops, nicolae_shop_behind_doors,
          elyvilon_altar_3
D:5:      nicolae_overflow_hidden_temple, serial_bayou_pond_e,
          uniq_blork_the_orc

Skill      XL: |  1  2  3  4  5  6  7 |
---------------+----------------------+-----
Stealth        | 1 2 3 4 5 6 8 |  8.4
Long Blades    | 4 5 6 8 |  8.3
Fighting       | |  2.6
Armour         | |  1.5
Dodging        | |  2.1

Action                   |  1- 3 |  4- 6 |  7- 9 || total
-------------------------+-------+-------+-------++-------
Melee: Falchion          |    79 |   113 |       ||   192
       Bite              |     6 |    21 |     3 ||    30
       Long sword        |       |   116 |    53 ||   169
Invok: Berserk           |       |     4 |     1 ||     5
  Use: Scroll            |     5 |     2 |       ||     7
       Potion            |       |    11 |     2 ||    13
 Stab: Sleeping          |     6 |    12 |     5 ||    23
       Distracted        |       |     1 |       ||     1
Armor: Animal skin       |     7 |       |       ||     7
       Ring mail         |    22 |    67 |    25 ||   114
Dodge: Dodged            |    28 |    87 |    18 ||   133
Block: Buckler           |     3 |    25 |     6 ||    34
       Rpst.: Falchion   |     8 |    14 |       ||    22
       Long sword        |       |    10 |     6 ||    16

Table legend:
 A = Spawn XP
 B = Non-spawn XP
 C = Spawn XP percentage of total XP
 D = Spawn monster count
 E = Non-spawn monster count
 F = Spawn count percentage of total count
 G = Total turns spent on level
                    A         B        C        D         E        F      G
               +---------+---------+-------+---------+---------+-------+---------
         Total |       0 |    1539 |   0.0 |       0 |      94 |   0.0 |  6949
               +---------+---------+-------+---------+---------+-------+---------
           D:1 |       0 |      24 |   0.0 |       0 |      14 |   0.0 |  1417
           D:2 |       0 |      57 |   0.0 |       0 |      13 |   0.0 |  1110
           D:3 |       0 |     268 |   0.0 |       0 |      38 |   0.0 |  1499
           D:4 |       0 |     131 |   0.0 |       0 |      12 |   0.0 |  1157
           D:5 |       0 |    1059 |   0.0 |       0 |      17 |   0.0 |  1766
               +---------+---------+-------+---------+---------+-------+---------
